 Dungeon Crawl Stone Soup version 0.30-a0-748-ge6a52f7cba (webtiles) character file.

Game seed: 14861261136518217004

290 Leeroy the Slasher (level 6, -1/30 HPs)
             Began as a Vine Stalker Warper on Feb 8, 2023.
             Slain by an ogre
             ... wielding a +0 giant spiked club
              (12 damage)
             ... on level 4 of the Dungeon.
             The game lasted 00:02:31 (1968 turns).

Leeroy the Slasher (Vine Stalker Warper)            Turns: 1968, Time: 00:02:31

Health: -1/30      AC: 13    Str: 14    XL:     6   Next: 32%
Magic:  0/10       EV:  4    Int: 13    God:
Gold:   168        SH:  0    Dex: 15    Spells: 9/9 levels left

rFire   + . .      SeeInvis .    r - +0 long sword
rCold   . . .      Faith    .    (no shield)
rNeg    . . .      Spirit   +    l - +3 plate armour
rPois   .          Reflect  .    (no helmet)
rElec   .          Harm     .    (no cloak)
rCorr   .          Rampage  .    (no gloves)
Will    .....                    (no boots) Stlth
                                 q - amulet of the acrobat
HPRegen 1.05/turn                k - ring of protection from fire
MPRegen 0.12/turn                (no ring)

@: confused, lethally poisoned (-1 -> -2)
A: fangs 2, regeneration 1, magic shield, antimagic bite, no potion heal 2
a: no special abilities


You were on level 4 of the Dungeon.
You visited 1 branch of the dungeon, and saw 4 of its levels.

You collected 168 gold pieces.

Inventory:

Hand Weapons
 a - a +0 falchion
 r - a +0 long sword (weapon)
Missiles
 d - 7 boomerangs of dispersal (quivered)
 s - 6 poisoned darts
Armour
 b - a +0 leather armour
 h - a +0 ring mail
 l - a +3 plate armour (worn)
Jewellery
 k - a ring of protection from fire (left hand)
 q - an amulet of the acrobat (around neck)
Scrolls
 c - a scroll of blinking
 f - 2 scrolls of fog {unknown}
 j - a scroll of identify {unknown}
 m - a scroll of brand weapon {unknown}
 o - a scroll of amnesia {unknown}
 p - a scroll of immolation {unknown}
 t - a scroll of teleportation {unknown}
 u - a scroll of enchant armour {unknown}
 v - a scroll of enchant weapon {unknown}
Potions
 e - 2 potions of ambrosia {unknown}
 g - a potion of brilliance {unknown}
 i - a potion of magic {unknown}
 n - a potion of lignification {unknown}


   Skills:
 - Level 1.7 Fighting
 + Level 5.9 Long Blades
 - Level 0.8 Throwing
 - Level 0.7 Armour
 - Level 1.5 Dodging
 - Level 2.1 Spellcasting
 - Level 3.0 Translocations


You had 9 spell levels left.
You didn't know any spells.
Your spell library contained the following spells:

 Spells                   Type           Power      Damage    Failure   Level
 Blink                    Tloc           18%        N/A       100%        2
 Lesser Beckoning         Tloc           18%        N/A       100%        2
 Call Canine Familiar     Summ           1%         N/A       100%        3
 Portal Projectile        Hex/Tloc       10%        N/A       100%        3
 Teleport Other           Tloc           9%         N/A       100%        3
 Vhi's Electric Charge    Tloc/Air       10%        N/A       100%        3
 Leda's Liquefaction      Hex/Erth       0%         N/A       100%        4
 Manifold Assault         Tloc           9%         N/A       100%        4
 Arcjolt                  Conj/Air       0%         1d10      100%        5
 Maxwell's Capacitive Co  Air            0%         ∞         100%        8


Dungeon Overview and Level Annotations

Branches:
Dungeon (4/15)
 Temple: D:4-7

Altars:
Hepliaklqana
Trog
Zin
The Shining One


Innate Abilities, Weirdness & Mutations

You have extremely sharp teeth.
Your natural rate of healing is unusually fast.
When hurt, damage is shared between your health and your magic reserves.
Your bite disrupts and absorbs the magic of your enemies.
Potions cannot restore your health.


Message History

The orc priest is severely wounded.
You feel sick. The hound bites you.
The orc priest begins to cast a cantrip, but forgets the words!
The orc priest hits you but does no damage.
You are more poisoned.
The orc wizard mumbles some strange words.
The orc wizard flickers and vanishes!
Deactivating autopickup; reactivate with Ctrl-A.
The hound bites you but does no damage.
You hit the orc priest. Your bite misses the orc priest.
The orc priest is almost dead.
You feel sick.
The orc priest invokes the aid of Beogh against you.
Beogh smites you! The orc hits you but does no damage. The hound bites you.
You hit the orc priest but do no damage.
The orc priest is almost dead.
You feel sick. The hound bites you but does no damage.
The orc hits you but does no damage.
The orc priest hits you with a +1 dagger of venom.
The hound completely misses you.
You hit the orc priest but do no damage.
You bite the orc priest, but do no damage.
The orc priest is almost dead.
You feel sick. The orc hits you but does no damage.
The orc priest barely misses you. The hound bites you.
The ogre barely misses you.
You hear some strange, mumbled words.
You are confused.
The orc hits you with a +0 flail.
The orc priest looks encouraged for a moment.
The hound bites you but does no damage. Something hits you but does no damage.
The orc priest hits you but does no damage.
You are more poisoned.
You are too injured to fight recklessly!
You are too injured to fight recklessly!
You don't know any spells.
Sorry, you're not good enough to have a special ability.
You're too confused to move!
You feel sick. The hound closely misses you.
The ogre hits you with a +0 giant spiked club!
You die...

.....##.............##
#....................#
##...................#
#...................##
#...........##..##..##
.............##.#.†..#
#####..............).#
##...........O...# ###
#.......#.o@###....#
##.###.......##.hog#......
.....†.......#..o.........
..#.##....................
#)##..[...................
###..#...........##..##...
# #########......# ##. #
#....... .. # ..


You could see an ogre, a hound, 2 orc priests, an orc and a hobgoblin.

Vanquished Creatures
  2 hounds (D:4)
  2 iguanas
  An orc wizard (D:4)
  Natasha (twice) (D:4)
  2 gnolls
  4 adders
  2 worms (D:3)
  4 orcs
  4 ball pythons
  2 endoplasms
  3 giant cockroaches (D:3)
  3 goblins
  3 hobgoblins
  3 kobolds
  2 quokkas
  A bat (D:3)
  A frilled lizard (D:3)
  4 rats
45 creatures vanquished.

Notes
Turn   | Place    | Note
-------+----------+-------------------------------------------
     0 | D:1      | Leeroy the Vine Stalker Warper began the quest for the Orb.
     0 | D:1      | Reached XP level 1. HP: 11/11 MP: 4/4
   340 | D:1      | Reached skill level 2 in Long Blades
   663 | D:1      | Reached XP level 2. HP: 15/15 MP: 6/6
   812 | D:2      | Reached skill level 3 in Long Blades
   842 | D:2      | Identified the +0 robe "Ommel" {rC+ Str+4 Int-2}
   853 | D:2      | Reached XP level 3. HP: 5/18 MP: 2/7
  1068 | D:3      | Noticed a moth of wrath
  1070 | D:3      | Found a bloodstained altar of Trog.
  1251 | D:3      | Gained mutation: Your natural rate of healing is unusually
                  | fast. [Vine Stalker growth]
  1251 | D:3      | Reached XP level 4. HP: 23/23 MP: 8/8
  1277 | D:3      | Reached skill level 4 in Long Blades
  1491 | D:3      | Found a faded altar of an unknown god.
  1626 | D:3      | Found a hazy altar of Hepliaklqana.
  1705 | D:4      | Reached XP level 5. HP: 25/26 MP: 9/9
  1726 | D:4      | Reached skill level 5 in Long Blades
  1761 | D:4      | Found a glowing silver altar of Zin.
  1761 | D:4      | Found a glowing golden altar of the Shining One.
  1849 | D:4      | Reached XP level 6. HP: 11/30 MP: 2/10
  1931 | D:4      | Noticed Natasha
  1937 | D:4      | Killed Natasha
  1952 | D:4      | Noticed Natasha
  1959 | D:4      | Killed Natasha
  1968 | D:4      | Slain by an ogre

Illustrated notes

Levels and vault maps discovered:
D:1:      dpeg_arrival_houses_and_road, layout_loops_ring, minmay_distorted
D:2:      layout_basic, st_stairs_13, uniq_robin
D:3:      layout_basic, nicolae_hepliaklqana_hippocampus, tgw_trog,
          ebering_ecumenical_altar_hall, corexii_shack, saegor_snake_ambush
D:4:      layout_cave_pools, mainiacjoe_overflow_concentric_impassable,
          mainiacjoe_overflow_alcove_1, uniq_natasha, uniq_duvessa,
          uniq_crazy_yiuf_cottage

Skill      XL: |  1  2  3  4  5 |
---------------+----------------+-----
Long Blades    | 2 3 4 5 |  5.9
Fighting       | |  1.7
Throwing       | |  0.8
Armour         | |  0.7
Dodging        | |  1.5
Spellcasting   | |  2.1
Translocations | |  3.0

Action                     |  1- 3 |  4- 6 || total
---------------------------+-------+-------++-------
  Melee: Falchion          |   108 |    16 ||   124
         Bite              |    21 |    27 ||    48
         Punch             |     2 |       ||     2
         Long sword        |       |    88 ||    88
 Armour: Ring mail         |    17 |       ||    17
         Plate armour      |    60 |    95 ||   155
  Dodge: Dodged            |    26 |    26 ||    52

Table legend: (Time is in decaauts)
 A = Elapsed time spent in this place.
 B = Non-inter-level travel time spent in this place.
 C = Inter-level travel time spent in this place.
 D = Time resting spent in this place.
 E = Time spent auto-exploring this place.
 F = Levels seen in this place.
 G = Mean time per level.
                   A        B        C        D        E       F      G
               +--------+--------+--------+--------+--------+-----+--------+
         Total |   2020 |   1948 |     72 |     52 |   1422 |   4 |  505.0 |
       Dungeon |   2020 |   1948 |     72 |     52 |   1422 |   4 |  505.0 |
               +--------+--------+--------+--------+--------+-----+--------+

Top non-repeatable levels by time:
     D:3: 858 daAuts
     D:1: 746 daAuts
     D:4: 294 daAuts
     D:2: 121 daAuts
